 Dungeon Crawl Stone Soup version 0.28-a0-1147-gc7b72d3202 (webtiles) character file.

Game seed: 2561490909875864215

906 BinkBink the Slasher (level 7, -3/57 HPs)
             Began as a Minotaur Monk on Dec 14, 2021.
             Was an Elder of Lugonu.
             Slain by a steam dragon (8 damage)
             ... on level 6 of the Dungeon.
             The game lasted 00:04:59 (4889 turns).

BinkBink the Slasher (Minotaur Monk)                Turns: 4889, Time: 00:05:00

Health: -3/57      AC:  2    Str: 20 (21) XL:     7   Next: 81%
Magic:  6/6        EV: 15    Int:  6 (7)  God:    Lugonu [****..]
Gold:   152        SH:  0    Dex: 14 (15) Spells: 6/6 levels left

rFire   . . .      SeeInvis .   a - +0 falchion
rCold   . . .      Faith    .   (no shield)
rNeg    . . .      Spirit   .   b - +0 robe
rPois   .          Reflect  .   (helmet restricted)
rElec   .          Harm     .   (no cloak)
rCorr   .          Rampage  .   (no gloves)
Will    .....                   (no boots)
Stlth   ++........              (no amulet)
HPRegen 0.19/turn               k - +6 ring of strength
MPRegen 0.10/turn               (no ring)

@: no status effects
A: horns 2, retaliatory headbutt
a: Renounce Religion, Depart the Abyss, Bend Space, Banish, Corrupt


You were on level 6 of the Dungeon.
You worshipped Lugonu.
Lugonu was greatly pleased with you.
You visited 1 branch of the dungeon, and saw 6 of its levels.

You collected 152 gold pieces.

Inventory:

Hand Weapons
 a - a +0 falchion (weapon)
Armour
 b - a +0 robe (worn)
 m - a +0 plate armour
Jewellery
 k - a +6 ring of strength (left hand)
 t - a ring of magical power
Wands
 i - a wand of paralysis (6)
 u - a wand of acid (10)
Scrolls
 c - 5 scrolls of identify {unknown}
 d - 3 scrolls of teleportation {unknown}
 e - a scroll of fear {unknown}
 j - 3 scrolls of magic mapping {unknown}
 l - a scroll of noise {unknown}
 n - a scroll of holy word {unknown}
 q - a scroll of enchant armour {unknown}
 s - a scroll of torment {unknown}
Potions
 f - a potion of berserk rage {unknown}
 g - a potion of resistance {unknown}
 h - a potion of flight
 o - a potion of ambrosia
 p - a potion of degeneration
 r - a potion of curing


   Skills:
 - Level 3.6 Fighting
 + Level 7.1 Long Blades
 + Level 5.9 Armour
 + Level 6.5 Dodging
 - Level 1.5 Stealth


You had 6 spell levels left.
You didn't know any spells.
Your spell library contained the following spells:

 Spells                   Type           Power      Damage    Failure   Level
 Magic Dart               Conj           0%         1d3       45%         1
 Pain                     Necr           0%         1d4       45%         1
 Searing Ray              Conj           0%         2d4       58%         2
 Sublimation of Blood     Necr           0%         N/A       58%         2
 Wereblood                Tmut           0%         N/A       58%         2
 Call Canine Familiar     Summ           0%         N/A       83%         3
 Portal Projectile        Hex/Tloc       0%         N/A       83%         3
 Fulminant Prism          Conj/Hex       0%         3d6       99%         4
 Leda's Liquefaction      Hex/Erth       0%         N/A       99%         4
 Summon Lightning Spire   Summ/Air       0%         N/A       99%         4
 Agony                    Necr           0%         N/A       100%        5
 Excruciating Wounds      Necr           0%         N/A       100%        5
 Storm Form               Tmut/Air       0%         N/A       100%        7
 Summon Hydra             Summ           0%         N/A       100%        7
 Maxwell's Capacitive Co  Air            0%         ∞         100%        8


Dungeon Overview and Level Annotations

Branches:
Dungeon (6/15)
 Temple: D:4-7

Altars:
Sif Muna
Xom
Lugonu

Shops:
D:5 *

Annotations:
D:4 1 runed translucent door, hemabe71's ghost, amateur HuAr


Innate Abilities, Weirdness & Mutations

You have a pair of horns on your head.
You reflexively headbutt those who attack you in melee.


Message History

It was a potion of degeneration.
There was something very wrong with that liquid.
You feel weakened.
You feel dopey.
You feel clumsy.
You are engulfed in a cloud of scalding steam.
* * * LOW HITPOINT WARNING * * *
The steam dragon closely misses you. You furiously retaliate!
You headbutt the steam dragon. The steam dragon completely misses you.
It was a potion of ambrosia.
You are confused.
You feel invigorated.
You are engulfed in a cloud of scalding steam.
* * * LOW HITPOINT WARNING * * *
The steam dragon misses you.
The steam dragon claws you but does no damage.
You bump into the rock wall.
The steam dragon misses you.
The steam dragon claws you but does no damage.
You hit the steam dragon but do no damage.
You headbutt the steam dragon.
The steam dragon is heavily wounded.
The steam dragon closely misses you. x2
You barely miss the steam dragon.
The steam dragon is heavily wounded.
You feel less invigorated.
You feel less confused. The steam dragon misses you.
The steam dragon completely misses you.
You closely miss the steam dragon. You headbutt the steam dragon!
The steam dragon is almost dead.
The steam dragon breathes steam at you. The ball of steam hits you!
* * * LOW HITPOINT WARNING * * *
You completely miss the steam dragon.
You headbutt the steam dragon, but do no damage.
The steam dragon is almost dead.
You are engulfed in a cloud of scalding steam.
* * * LOW HITPOINT WARNING * * *
The steam dragon misses you. x2
You barely miss the steam dragon.
The steam dragon is severely wounded.
The steam dragon bites you!
You die...

#.# ##'##### #.#
#.# #.# #.# ...
##.## #.# ##...##
#n# #.....## #.#
##...<.# #D########
#.....##
#§@......###.......
########........###
##########


You could see a steam dragon (catching breath) and a necrophage.

Vanquished Creatures
  Sigmund (D:5)
  An ice beast (D:5)
  A necrophage (D:4)
  An ogre (D:4)
  A scorpion (D:5)
  A wyvern skeleton (D:6)
  2 hounds (D:4)
  An orc priest (D:5)
  Ijyb (D:5)
  2 iguanas (D:5)
  2 orc wizards
  A hound zombie (D:5)
  5 gnolls
  2 adders (D:2)
  An adder zombie (D:3)
  An adder skeleton (D:4)
  A worm (D:2)
  12 orcs
  5 ball pythons
  3 endoplasms
  5 giant cockroaches
  4 goblins
  4 hobgoblins
  4 quokkas
  4 bats
  5 frilled lizards
  5 kobolds
  6 rats
82 creatures vanquished.

Vanquished Creatures (others)
  2 withered plants (D:4)
2 creatures vanquished.

Grand Total: 84 creatures vanquished

Notes
Turn   | Place    | Note
-------+----------+-------------------------------------------
     0 | D:1      | BinkBink the Minotaur Monk began the quest for the Orb.
     0 | D:1      | Reached XP level 1. HP: 19/19 MP: 0/0
    69 | D:1      | You fall into a shaft and drop 1 floor!
   100 | D:1      | Found a faded altar of an unknown god.
   113 | D:1      | Prayed at the altar of an unknown god.
   113 | D:1      | Became a worshipper of Lugonu the Unformed
   113 | D:1      | Reached * piety under Lugonu
   113 | D:1      | Reached ** piety under Lugonu
   113 | D:1      | Reached *** piety under Lugonu
   188 | D:1      | Reached skill level 4 in Long Blades
   188 | D:1      | Reached skill level 1 in Armour
   188 | D:1      | Reached XP level 2. HP: 26/26 MP: 1/1
   869 | D:2      | Reached XP level 3. HP: 31/31 MP: 2/2
  1023 | D:2      | Reached **** piety under Lugonu
  1387 | D:2      | Found a shimmering altar of Xom.
  1701 | D:3      | Reached XP level 4. HP: 14/39 MP: 3/3
  2596 | D:4      | Found a runed translucent door.
  2597 | D:4      | Noticed hemabe71's ghost (amateur HuAr)
  2775 | D:4      | Found a shimmering blue altar of Sif Muna.
  2887 | D:4      | Noticed an ogre
  2887 | D:4      | Noticed a necrophage
  2915 | D:4      | Killed an ogre
  2916 | D:4      | Reached skill level 5 in Long Blades
  2916 | D:4      | Reached XP level 5. HP: 45/45 MP: 4/4
  2920 | D:4      | Killed a necrophage
  2921 | D:4      | Reached skill level 5 in Dodging
  2921 | D:4      | Reached XP level 6. HP: 47/51 MP: 5/5
  3437 | D:5      | Entered Level 5 of the Dungeon
  3635 | D:5      | Reached skill level 6 in Long Blades
  3684 | D:5      | Noticed Sigmund
  3690 | D:5      | Killed Sigmund
  3691 | D:5      | Reached skill level 5 in Armour
  3691 | D:5      | Reached XP level 7. HP: 52/57 MP: 6/6
  4360 | D:5      | Reached skill level 7 in Long Blades
  4402 | D:5      | Found Hemmotaz's Neck Hole.
  4572 | D:5      | Noticed Ijyb
  4584 | D:5      | Killed Ijyb
  4874 | D:6      | Noticed a steam dragon
  4889 | D:6      | Slain by a steam dragon

Illustrated notes

Levels and vault maps discovered:
D:1:      psy_arrival_wood_between_worlds, layout_loops_ring,
          basic_ecumenical_altar, minivault_26, minmay_misc_feat_columns
D:2:      layout_loops_corners, basic_altar
D:3:      layout_loops_cross, chequers_serial_rivers_marsh,
          minmay_misc_feat_roman
D:4:      layout_cave_pods, led_sif_pool, gammafunk_ghost_grave
D:5:      layout_basic, portal_sewer_entry_f, minivault_14,
          nicolae_shop_sticking_my_neck_out, uniq_sigmund, uniq_ijyb
D:6:      layout_loops_corners, minmay_temple_entry_overgrown, serial_bayou,
          serial_bayou_pond_e, serial_bayou_pond_d, serial_bayou_pond_a,
          serial_bayou_pond_b, serial_bayou_ford_a

Skill      XL: |  1  2  3  4  5  6  7 |
---------------+----------------------+-----
Long Blades    | 4 5 6 7 |  7.1
Armour         | 1 2 3 4 5 |  5.9
Dodging        | 4 5 6 |  6.5
Fighting       | |  3.6
Stealth        | |  1.5

Action                   |  1- 3 |  4- 6 |  7- 9 || total
-------------------------+-------+-------+-------++-------
Melee: Falchion          |    55 |    69 |    67 ||   191
       Headbutt          |     5 |    10 |    24 ||    39
  Use: Potion            |       |     2 |     2 ||     4
 Stab: Sleeping          |     2 |     4 |       ||     6
Armor: Robe              |     8 |     3 |    10 ||    21
Dodge: Dodged            |    35 |    47 |    49 ||   131

Table legend: (Time is in decaauts)
 A = Elapsed time spent in this place.
 B = Non-inter-level travel time spent in this place.
 C = Inter-level travel time spent in this place.
 D = Time resting spent in this place.
 E = Time spent auto-exploring this place.
 F = Levels seen in this place.
 G = Mean time per level.
                   A        B        C        D        E       F      G
               +--------+--------+--------+--------+--------+-----+--------+
         Total |   4904 |   4775 |    129 |      0 |   4184 |   6 |  817.3 |
       Dungeon |   4904 |   4775 |    129 |      0 |   4184 |   6 |  817.3 |
               +--------+--------+--------+--------+--------+-----+--------+

Top non-repeatable levels by time:
     D:5: 1287 daAuts
     D:2: 968 daAuts
     D:4: 921 daAuts
     D:3: 894 daAuts
     D:1: 666 daAuts
     D:6: 167 daAuts
